 Dungeon Crawl Stone Soup version 0.17-a0-1763-g847a857 (webtiles) character file.

144 hexophile the Cudgeler (level 5, 0/57 HPs)
             Began as an Ogre Monk on Sept 6, 2015.
             Slain by a hippogriff (4 damage)
             ... on level 3 of the Dungeon.
             The game lasted 00:03:35 (3542 turns).

hexophile the Cudgeler (Ogre Monk)                  Turns: 3542, Time: 00:03:36

Health: 0/57       AC:  3    Str: 16    XL:     5   Next: 26%
Magic:  5/5        EV: 10    Int: 14    God:
Gold:   164        SH:  0    Dex: 13    Spells: 0 memorised, 4 levels left

rFire  . . .     SeeInvis .     d - +0 flail
rCold  . . .     Clarity  .     a - +0 robe
rNeg   . . .     SustAt   .     (no shield)
rPois  +         Gourm    .     (helmet restricted)
rElec  .         Spirit   .     (no cloak)
rCorr  .         Warding  .     (gloves unavailable)
rMut   .         Stasis   .     (boots unavailable)
MR     .....                    (no amulet)
Stlth  ++........               m - ring of poison resistance
                                e - +5 ring of intelligence

@: not resistant to hostile enchantments, unstealthy
A: unfitting armour, tough skin 1
a: no special abilities


You were on level 3 of the Dungeon.
You were hungry.

You visited 1 branch of the dungeon, and saw 3 of its levels.

You collected 164 gold pieces.

Inventory:

Hand weapons
 d - a +0 flail (weapon)
Armour
 a - a +0 robe (worn)
Jewellery
 e - a +5 ring of intelligence (left hand)
 m - a ring of poison resistance (right hand)
Magical devices
 n - a wand of fireball (8)
Scrolls
 c - 3 scrolls of remove curse {unknown}
 f - 2 scrolls of enchant armour {unknown}
 h - 2 scrolls of identify {unknown}
 i - 3 scrolls of magic mapping {unknown}
 j - a scroll of immolation {unknown}
 k - a scroll of random uselessness {unknown}
 l - a scroll of fog {unknown}
Potions
 g - 2 potions of curing
 p - a potion of brilliance {unknown}
Comestibles
 b - 3 bread rations
 o - a chunk of flesh


   Skills:
 - Level 5.1 Fighting
 + Level 5.4 Maces & Flails
 - Level 2.6 Dodging
 - Level 1.5 Stealth
 - Level 3.6 Unarmed Combat


You had 4 spell levels left.
You didn't know any spells.

Dungeon Overview and Level Annotations

Branches:
Dungeon (3/15)

Altars:
Dithmenos
Gozag
Nemelex Xobeh
Trog


Innate Abilities, Weirdness & Mutations

You are too large for most types of armour.
You have tough skin (AC +1).


Message History

You are feeling hungry.
You hit the hippogriff.
The hippogriff is lightly wounded.
The hippogriff bites you. The hippogriff pecks you.
The hippogriff barely misses you.
You sock the hippogriff!
The hippogriff is moderately wounded.
The hippogriff bites you! The hippogriff pecks you. The hippogriff claws you.
You hit the hippogriff.
The hippogriff is moderately wounded.
The hippogriff bites you. The hippogriff pecks you. The hippogriff claws you!
* * * LOW HITPOINT WARNING * * *
You barely miss the hippogriff.
The hippogriff is moderately wounded.
The hippogriff bites you.
* * * LOW HITPOINT WARNING * * *
The hippogriff pecks you.
* * * LOW HITPOINT WARNING * * *
The hippogriff claws you.
You die...

#..######...#.........#
##..# #...#.........# .
##.# #...#.........# . #.#
##.##.........# #.
#.#####.............# #.
#..<.....###.......#####
#........########)####..
#......H........<...)(..
#......@.###............
.........###.....#..(...
............#............
..........#..####.#.#.(...
..#.....[.#_#..###...##(...
#.##....#...........#... #
##......####..##)....
##..#######..###....
#.##.....#.........


You could see a hippogriff.

Vanquished Creatures
  7 adders
  A worm (D:3)
  A giant gecko (D:3)
  3 orcs
  A ball python (D:1)
  7 bats
  4 giant cockroaches
  6 goblins
  10 hobgoblins
  11 kobolds
  2 quokkas (D:3)
  8 jackals
  8 rats
69 creatures vanquished.

Notes
Turn   | Place    | Note
--------------------------------------------------------------
     0 | D:1      | hexophile the Ogre Monk began the quest for the Orb.
     0 | D:1      | Reached XP level 1. HP: 24/24 MP: 1/1
   273 | D:1      | Reached XP level 2. HP: 20/33 MP: 2/2
   907 | D:1      | Reached skill level 1 in Maces & Flails
   930 | D:1      | You fall through a shaft!
  1000 | D:2      | Reached skill level 5 in Fighting
  1000 | D:2      | Reached XP level 3. HP: 21/42 MP: 3/3
  1504 | D:2      | Found a shadowy altar of Dithmenos.
  1607 | D:2      | Found an opulent altar of Gozag.
  1679 | D:2      | Reached XP level 4. HP: 40/50 MP: 4/4
  2576 | D:3      | Found a faded altar to an unknown god.
  3176 | D:3      | Reached XP level 5. HP: 45/57 MP: 5/5
  3242 | D:3      | Found a sparkling altar of Nemelex Xobeh.
  3283 | D:3      | Reached skill level 5 in Maces & Flails
  3421 | D:3      | Found a bloodstained altar of Trog.
  3535 | D:3      | Noticed a hippogriff
  3542 | D:3      | HP: 4/57 [hippogriff (5)]
  3542 | D:3      | Slain by a hippogriff

Vault maps used:
D:1:      dpeg_arrival_tiny_i
D:2:      nicolae_overflow_crystal_walls, overflow_temple_1_default
D:3:      lightli_temple_of_fire, lemuel_crystal_altar, ecumenical_altar_1,
          uniq_crazy_yiuf_cottage

Action                   |  1- 3 |  4- 6 || total
-------------------------+-------+-------++-------
Melee: Unarmed           |   141 |    89 ||   230
       Club              |     5 |       ||     5
       Flail             |       |    44 ||    44
  Use: Potion            |       |     2 ||     2
 Stab: Sleeping          |     7 |     1 ||     8
  Eat: Chunk             |     3 |     5 ||     8
